 Dungeon Crawl Stone Soup version 0.31-a0-1009-g454b1f1e0a (webtiles) character file.

Game seed: 13986715463994111005

12108 kae the Jinx (level 11, -4/68 HPs)
             Began as a Demonspawn Enchanter on Nov 14, 2023.
             Was a Priest of Dithmenos.
             Slain by Lodul
             ... wielding a +0 dire flail
              (17 damage)
             ... on level 10 of the Dungeon.
             The game lasted 00:16:37 (11924 turns).

kae the Jinx (Demonspawn Enchanter)                Turns: 11924, Time: 00:16:38

Health: -4/68      AC: 14    Str: 20    XL:     11   Next: 58%
Magic:  0/21       EV: 12    Int: 16    God:    Dithmenos [***...]
Gold:   737        SH:  4    Dex: 13    Spells: 13/24 levels left

rFire   + . .        q - +2 short sword (elec)
rCold   . . .        (no shield)
rNeg    . . .        b - +0 robe
rPois   .            m - +2 hat
rElec   .            (no cloak)
rCorr   .            (no gloves)
SInv    .            i - +2 pair of boots
Will    .....        G - amulet of guardian spirit
Stlth   +++++        S - +6 ring of strength
HPRegen 0.31/turn    (no ring)
MPRegen 0.34/turn

%: guardian spirit
@: wreathed by umbra
A: hooves 2, molten scales 3, icemail 1, magic regeneration, condensation
shield, deformed body
a: Renounce Religion, Shadow Step


You were on level 10 of the Dungeon.
You worshipped Dithmenos.
Dithmenos was most pleased with you.
You visited 2 branches of the dungeon, and saw 12 of its levels.

You collected 737 gold pieces.


Innate Abilities, Weirdness & Mutations

You have hoof-like feet.
You are completely covered in molten scales. (AC +4, rF+)
A meltable icy envelope protects you from harm. (AC +4)
You regenerate magic rapidly.
A meltable shield of frost defends you. (SH +4)
Armour fits poorly on your strangely shaped body.


   Skills:
 * Level 9.9 Short Blades
 - Level 1.7 Dodging
 + Level 7.9 Stealth
 + Level 7.0 Spellcasting
 * Level 11.2 Hexes
 - Level 3.0 Ice Magic


You had 13 spell levels left.
You knew the following spells:

 Your Spells              Type           Power      Damage    Failure   Level
a - Ensorcelled Hibernat  Hex/Ice        56%        N/A       1%          2
b - Confusing Touch       Hex            41%        N/A       1%          3
c - Tukima's Dance        Hex            41%        N/A       1%          3
d - Dazzling Flash        Conj/Hex       46%        N/A       3%          3

Your spell library contained the following spells:

 Spells                   Type           Power      Damage    Failure   Level
 Magic Dart               Conj           20%        1d4       12%         1
 Call Imp                 Summ           10%        N/A       19%         2
 Summon Mana Viper        Hex/Summ       23%        N/A       34%         5
 Mephitic Cloud           Conj/Pois/Air  5%         N/A       36%         3
 Summon Ice Beast         Ice/Summ       10%        N/A       54%         4
 Monstrous Menagerie      Summ           2%         N/A       100%        7

Inventory:

Hand Weapons
 a - a +1 dagger of freezing
 q - a +2 short sword of electrocution (weapon)
   (You took it off an orc on level 5 of the Dungeon)
Missiles
 h - 24 poisoned darts
 j - 77 stones
 k - 5 throwing nets {=f!f}
 v - 7 boomerangs
 x - 5 javelins
 y - a curare-tipped dart {=f}
Armour
 b - a +0 robe (worn)
 i - a +2 pair of boots (worn)
   (You found it on level 1 of the Dungeon)
 m - a +2 hat (worn)
   (You found it on level 3 of the Dungeon)
 n - a +1 kite shield
   (You found it on level 3 of the Dungeon)
 D - a +0 cloak
   (You found it on level 9 of the Dungeon)
Magical Staves
 g - a staff of air {!a}
   (You found it on level 1 of the Dungeon)
 l - the staff of Rushoast {rElec rC- rN+ MP+9 Int+8 Air, !a}
   (You found it on level 3 of the Dungeon)

   [staff of air]

   Base accuracy: +5 Base damage: 5 Base attack delay: 1.2 This weapon's minimum
   attack delay (0.6) is reached at skill level 12.
   Int+8:     It affects your intelligence (+8).
   rC-:       It makes you vulnerable to cold.
   rElec:     It insulates you from electricity.
   rN+:       It protects you from negative energy.
   MP+9:      It affects your magic capacity (+9).
   Air:       It increases the power of your Air spells.
   It falls into the 'Staves' category.
   It is a one-handed weapon.
Jewellery
 G - an amulet of guardian spirit (around neck)
   (You found it on level 1 of the Dungeon)
 S - a +6 ring of strength (left hand)
   (You found it on level 9 of the Dungeon)
Wands
 p - a wand of charming (11)
   (You took it off Ijyb on level 3 of the Dungeon)
 u - a wand of iceblast (10)
   (You found it on level 8 of the Dungeon)
Scrolls
 e - 2 scrolls of amnesia
 s - 2 scrolls of torment {!r}
 t - 3 scrolls of vulnerability {!r!r}
 A - a scroll of butterflies
 F - a scroll of noise {unknown}
Potions
 c - a potion of might
 d - 2 potions of mutation {!q}
 f - a potion of curing {unknown}
 o - a potion of magic
 r - a potion of resistance
 w - 3 potions of heal wounds {@q2}
 z - a potion of brilliance
 B - 2 potions of attraction {unknown}
 C - a potion of ambrosia {unknown}

Dungeon Overview and Level Annotations

Branches:
Dungeon (11/15) Zot: 26596  Temple (1/1) D:7 Zot: 5998    Lair (0/5) D:9
    Orc (0/2) D:11

Altars:
Ashenzari
Cheibriados
Dithmenos
Fedhas
Gozag
Hepliaklqana
Kikubaaqudgha
Makhleb
Nemelex Xobeh
Okawaru
Qazlal
Ru
Sif Muna
Trog
Uskayaw
Vehumet
Wu Jian
Xom
Yredelemnul

Annotations:
D:2 Sigmund
D:10 Lodul

# ##.#..........# #
#.........)..# #
###..#.........#
######...##...>.....#
.......#.##.........#
########.##.....<...#
###.................#
...................##
#..<.......<....@.##
#).............O###
#...............#
#...............#
#...............#
##.............##
##.....#.....##
#############


You could see Lodul (confused).


Message History

MASSIVE DAMAGE!! (PAUSE)
You lost 6 mp, and now have 10/21 mp.
You hit the efreet. Lightning courses through the efreet!
You strike the helpless efreet from behind!
You puncture the efreet!
You kill the efreet!
Dithmenos accepts your kill. 😮 HP[+1]
A white ugly thing comes into view.
Casting: Confusing Touch (safe; 1% risk of failure)
Confirm with . or Enter, or press ? or * to list all spells.
Aiming: Ensorcelled Hibernation (safe; 1% risk of failure)
Press: ? - help, Shift-Dir - straight line, f - deep elf pyromancer
Aim: a deep elf pyromancer, wielding a +0 long sword and wearing a +0 leather armour (umbra, chance to affect: 41%)
The deep elf pyromancer looks drowsy... 😮 MP[-1]
You lost 1 mp, and now have 9/21 mp.
The helpless deep elf pyromancer fails to defend itself.
You stick the deep elf pyromancer like a pincushion!!!
You kill the deep elf pyromancer!
Dithmenos accepts your kill.
Your Spellcasting skill increases to level 7!
Casting: Ensorcelled Hibernation (safe; 1% risk of failure)
Confirm with . or Enter, or press ? or * to list all spells.
You can't see any susceptible monsters within range! (Use Z to cast anyway.)
Casting: Ensorcelled Hibernation (safe; 1% risk of failure)
Confirm with . or Enter, or press ? or * to list all spells.
Your hands begin to glow red.
The white ugly thing tentacle-slaps you.
The white ugly thing freezes you!!
* * * LOW HITPOINT WARNING * * *
The white ugly thing tentacle-slaps you but does no damage. 😱 HP[-28] MP[-6]
You take 28 damage, and now have 12/68 hp.
MASSIVE DAMAGE!! (PAUSE)
You lost 6 mp, and now have 3/21 mp.
Blink to where?
Press: ? - help, Dir - move target
As you read the scroll of blinking {!r}, it crumbles to dust. 😱 HP[+1] 😱 MP[+1] 😱 HP[+1] 😱 MP[+1]
There is a stone staircase leading up here.
You climb upwards.
Level annotation: Lodul Lodul shouts!
Lodul winks and says, "Everything have price."
There is a stone staircase leading down here. 😱 HP[+1] MP[+1] Lodul is nearby!
Lodul is nearby!
Casting: Confusing Touch (safe; 1% risk of failure)
Confirm with . or Enter, or press ? or * to list all spells.
Aiming: Ensorcelled Hibernation (safe; 1% risk of failure)
Press: ? - help, Shift-Dir - straight line, f - Lodul
Aim: Lodul, wielding a +0 dire flail (chance to confuse on hit: 50%, umbra, chance to affect: 41%) Lodul looks drowsy... 😱 HP[+1] MP[-1]
You lost 1 mp, and now have 5/21 mp.
The helpless Lodul fails to defend himself.
You hit Lodul but do no damage. Lodul completely misses you.
Casting: Ensorcelled Hibernation (safe; 1% risk of failure)
Confirm with . or Enter, or press ? or * to list all spells.
Your hands begin to glow brighter.
Lodul hits you with a +0 dire flail.
* * * LOW HITPOINT WARNING * * *
😱 HP[-1] MP[-3]
You take 1 damage, and now have 15/68 hp.
You lost 3 mp, and now have 2/21 mp.
You hit Lodul but do no damage.
Lodul appears confused. 😱 HP[+1] MP[+1] Unknown command.
You hit Lodul. Lodul barely misses you.
You barely miss Lodul. You hit Lodul.
Lodul ponders the situation. 😱 HP[+1] MP[+1]
You completely miss Lodul.
You hit Lodul. 😨 HP[+1] MP[+1] Lodul hits you with a +0 dire flail.
* * * LOW HITPOINT WARNING * * *
😱 HP[-5] MP[-1]
You take 5 damage, and now have 13/68 hp.
You lost 1 mp, and now have 4/21 mp.
You strike the helpless Lodul from behind!
You puncture Lodul! You hit Lodul. You hit Lodul.
Lodul hits you with a +0 dire flail.
* * * LOW HITPOINT WARNING * * *
😱 HP[-1] MP[+1]
You take 1 damage, and now have 12/68 hp.
You hit Lodul. 😱 HP[+1]
You hit Lodul but do no damage.
Your icy envelope is restored.
You hit Lodul. Lightning courses through Lodul!
Lodul hits you with a +0 dire flail!!
You die...

Skill      XL: |  1  2  3  4  5  6  7  8  9 10 11 |
---------------+----------------------------------+-----
Short Blades   | 1 2 3 5 7 9 |  9.9
Stealth        | 3 4 5 6 7 |  7.9
Ice Magic      | 1 2 3 |  3.0
Hexes          | 4 5 6 7 8 10 11 | 11.2
Spellcasting   | 3 4 5 6 7 |  7.0
Dodging        | |  1.7

Action                     |  1- 3 |  4- 6 |  7- 9 | 10-12 || total
---------------------------+-------+-------+-------+-------++-------
  Melee: Dagger            |   165 |   189 |    25 |       ||   379
         Punch             |     1 |     4 |     2 |     6 ||    13
         Short sword       |       |       |   297 |   397 ||   694
   Cast: Ensorcelled Hiber |    18 |    43 |    74 |    79 ||   214
         Confusing Touch   |       |     4 |    16 |     6 ||    26
  Evoke: Wand              |       |     2 |       |       ||     2
    Use: Potion            |     4 |     2 |     1 |     2 ||     9
         Scroll            |     2 |     4 |     5 |     4 ||    15
   Stab: Invisible         |     3 |     1 |       |       ||     4
         Sleeping          |    14 |    24 |    46 |    44 ||   128
         Confused          |       |     2 |     9 |     6 ||    17
 Armour: Robe              |    86 |   167 |   215 |   192 ||   660
  Dodge: Dodged            |    99 |   143 |   202 |   185 ||   629
  Block: Other             |       |       |    21 |    51 ||    72

Levels and vault maps discovered:
D:1:      heliophobic_arrival_henge, layout_rooms
D:2:      layout_basic, uniq_sigmund
D:3:      layout_loops_ring, ebering_ecumenical_altar_mist
D:4:      layout_rooms, nicolae_hepliaklqana_monster_ancestors,
          nicolae_qazlal_eye_of_the_storm, uniq_eustachio, uniq_ijyb
D:5:      layout_layer_cave, cheibrodos_worm_habitat, lemuel_tele_altar,
          mainiacjoe_overflow_swirl, serial_rivers,
          chequers_serial_rivers_micro_e, chequers_serial_rivers_room_a,
          chequers_serial_rivers_room_b, chequers_serial_rivers_large_b,
          chequers_serial_rivers_room_a, uniq_pikel, uniq_grinder
D:6:      layout_basic, nemelex_spade_bored_becter
D:7:      layout_rooms, temple_doors_e, uniq_maggie
D:8:      layout_rooms, old_standard_altar, hellmonk_ghost_happy_afterlife
D:9:      layout_rooms, erik_lair_orcish_takeover, serial_glass,
          glass_columns_a, glass_columns_b, glass_columns_c, glass_columns_a,
          gammafunk_ghost_grave, serial_bayou_lagoon_a
D:10:     layout_rooms, special_room [special_room_orc], uniq_lodul
D:11:     minmay_the_grid_4x2 [minmay_the_grid_plusring,
          minmay_the_grid_dragon_a, minmay_the_grid_all_tris,
          minmay_the_grid_stretched_grid, minmay_the_grid_aliased_spiral,
          minmay_the_grid_holed_spiral, minmay_the_grid_tree,
          minmay_the_grid_prize_trominoes], layout_basic,
          minmay_misc_feat_plants
Temple:   eino_temple_water

Notes
Turn   | Place    | Note
-------+----------+-------------------------------------------
     0 | D:1      | kae the Demonspawn Enchanter began the quest for the Orb.
     0 | D:1      | Reached XP level 1. HP: 13/13 MP: 3/3
     0 | D:1      | magus.rc [v1.11.3]
    33 | D:1      | Reached skill level 1 in Short Blades
    39 | D:1      | HP: 1/13 [gnoll/+0 whip (6)]
    41 | D:1      | Gained mutation: You are partially covered in molten
                  | scales. (AC +2) [demonic ancestry]
    41 | D:1      | Reached XP level 2. HP: 2/19 MP: 5/5
    59 | D:1      | Learned a level 2 spell: Ensorcelled Hibernation
   454 | D:1      | Gained mutation: You regenerate magic rapidly. [demonic
                  | ancestry]
   454 | D:1      | Reached XP level 3. HP: 18/24 MP: 6/6
   473 | D:1      | Learned a level 3 spell: Confusing Touch
   662 | D:2      | You pick up a book of Minor Magic and begin reading...
   662 | D:2      | You add the spells Magic Dart, Call Imp and Mephitic Cloud
                  | to your library.
   675 | D:2      | Noticed Sigmund
  1535 | D:3      | Identified the staff of Rushoast {rElec rC- rN+ MP+9 Int+8
                  | Air}
  1675 | D:3      | Reached skill level 3 in Stealth
  1777 | D:3      | HP: 4/24 [orc priest/divine providence (8)]
  1779 | D:3      | Gained mutation: Armour fits poorly on your strangely
                  | shaped body. [potion of mutation]
  1787 | D:3      | Reached skill level 2 in Short Blades
  1787 | D:3      | Reached skill level 1 in Ice Magic
  1787 | D:3      | Reached XP level 4. HP: 7/30 MP: 1/7
  2161 | D:3      | Reached skill level 4 in Hexes
  2307 | D:3      | Found a faded altar of an unknown god.
  2621 | D:3      | Reached XP level 5. HP: 30/35 MP: 3/8
  2720 | D:4      | Found a stormy altar of Qazlal.
  2883 | D:3      | Reached skill level 2 in Ice Magic
  3009 | D:4      | Noticed Ijyb
  3112 | D:3      | Killed Ijyb
  3171 | D:4      | Noticed Eustachio
  3180 | D:4      | Learned a level 3 spell: Tukima's Dance
  3341 | D:4      | Noticed an ogre
  3352 | D:4      | HP: 8/35 [poisoned by a kobold]
  3487 | D:3      | Killed Eustachio
  3488 | D:3      | Reached skill level 3 in Short Blades
  3488 | D:3      | Gained mutation: You are mostly covered in molten scales.
                  | (AC +3) [demonic ancestry]
  3488 | D:3      | Reached XP level 6. HP: 12/41 MP: 3/10
  3505 | D:4      | HP: 6/41 [ogre/+0 giant spiked club (11)]
  3651 | D:4      | HP: 10/41 [ogre/+0 giant spiked club (15)]
  3971 | D:4      | Found a hazy altar of Hepliaklqana.
  4042 | D:5      | Entered Level 5 of the Dungeon
  4163 | D:5      | Found a snail-covered altar of Cheibriados.
  4225 | D:5      | Noticed Grinder
  4227 | D:5      | Paralysed by Grinder for 4 turns
  4257 | D:5      | HP: 10/41 [Grinder (2)]
  4259 | D:5      | Killed Grinder
  4260 | D:5      | Reached skill level 4 in Stealth
  4260 | D:5      | Reached skill level 3 in Spellcasting
  4260 | D:5      | Reached skill level 5 in Hexes
  4260 | D:5      | Reached skill level 3 in Ice Magic
  4260 | D:5      | Gained mutation: You have large cloven feet. [demonic
                  | ancestry]
  4260 | D:5      | Reached XP level 7. HP: 11/46 MP: 3/11
  4389 | D:5      | Found an opulent altar of Gozag.
  4613 | D:4      | Reached skill level 4 in Short Blades
  4673 | D:5      | HP: 10/46 [orc/+0 whip (3)]
  4854 | D:5      | Identified the +0 shortbow of Overwhelming Force {flame,
                  | rElec Will+ Int+2}
  4882 | D:5      | Noticed Pikel
  4905 | D:5      | HP: 9/46 [lemure[Pikel] (3)]
  4905 | D:5      | HP: 4/46 [lemure[Pikel] (5)]
  4906 | D:5      | Killed Pikel
  4907 | D:5      | Reached skill level 5 in Short Blades
  4907 | D:5      | Reached skill level 6 in Hexes
  4907 | D:5      | Gained mutation: You have hoof-like feet. [demonic
                  | ancestry]
  4907 | D:5      | Reached XP level 8. HP: 5/52 MP: 2/13
  5194 | D:5      | Found a shimmering blue altar of Sif Muna.
  5613 | D:5      | Found a basalt altar of Yredelemnul.
  5908 | D:6      | Learned a level 3 spell: Dazzling Flash
  5930 | D:6      | Reached skill level 4 in Spellcasting
  6184 | D:6      | Identified the +1 helmet of Dice, Bag, and Bottle {Str+3}
  6376 | D:5      | Reached skill level 5 in Stealth
  6432 | D:5      | Reached skill level 7 in Hexes
  6848 | D:6      | Found a sparkling altar of Nemelex Xobeh.
  6928 | D:6      | Gained mutation: A meltable shield of frost defends you.
                  | (SH +4) [demonic ancestry]
  6928 | D:6      | Reached XP level 9. HP: 57/57 MP: 15/15
  7010 | D:6      | Reached skill level 6 in Short Blades
  7367 | D:7      | Noticed Maggie
  7377 | D:7      | Killed Maggie
  7578 | D:7      | Reached skill level 8 in Hexes
  7626 | D:7      | You pick up a book of Beasts and begin reading...
  7626 | D:7      | You add the spells Summon Ice Beast, Summon Mana Viper and
                  | Monstrous Menagerie to your library.
  7659 | D:7      | Found a staircase to the Ecumenical Temple.
  7804 | Temple   | Entered the Ecumenical Temple
  8015 | D:8      | Noticed totrandom's ghost (novice MiFi)
  8017 | D:8      | Found a runed translucent door.
  8057 | D:8      | Reached skill level 5 in Spellcasting
  8114 | D:8      | Reached skill level 7 in Short Blades
  8202 | D:8      | Reached skill level 6 in Stealth
  8492 | D:8      | Found a shadowy altar of Dithmenos.
  8563 | D:8      | Became a worshipper of Dithmenos the Shadowed
  8732 | D:8      | Killed totrandom's ghost
  8733 | D:8      | Gained mutation: A meltable icy envelope protects you from
                  | harm. (AC +4) [demonic ancestry]
  8733 | D:8      | Reached XP level 10. HP: 31/63 MP: 11/18
  8909 | D:9      | Reached skill level 9 in Hexes
  8941 | D:9      | HP: 12/63 [yak (5)]
  9123 | D:9      | Reached skill level 8 in Short Blades
  9291 | D:9      | Identified the +1 robe of the King of the Hill {rElec
                  | Str+3}
  9326 | D:9      | Reached * piety under Dithmenos
  9517 | D:9      | Found a staircase to the Lair.
  9538 | D:9      | Reached skill level 6 in Spellcasting
  9779 | D:9      | Reached skill level 7 in Stealth
 10059 | D:9      | Found a runed translucent door.
 10070 | D:9      | Noticed Poopy's ghost (novice FeSu)
 10175 | D:9      | Reached skill level 10 in Hexes
 10225 | D:9      | HP: 15/63 [cerulean imp/+2 spear[Poopy's ghost] (3)]
 10226 | D:9      | Killed Poopy's ghost
 10423 | D:10     | Entered Level 10 of the Dungeon
 10460 | D:10     | Identified the +7 war axe "Tyclaak" {heavy, Int+8}
 10585 | D:10     | Reached ** piety under Dithmenos
 10586 | D:10     | Reached skill level 9 in Short Blades
 10586 | D:10     | Gained mutation: You are completely covered in molten
                  | scales. (AC +4, rF+) [demonic ancestry]
 10586 | D:10     | Reached XP level 11. HP: 30/68 MP: 6/20
 10611 | D:10     | Noticed Lodul
 11510 | D:11     | Found a staircase to the Orcish Mines.
 11630 | D:11     | Noticed a two-headed ogre
 11743 | D:11     | Killed a two-headed ogre
 11871 | D:11     | Noticed a boulder beetle
 11879 | D:11     | Killed a boulder beetle
 11879 | D:11     | Reached *** piety under Dithmenos
 11880 | D:11     | Reached skill level 11 in Hexes
 11885 | D:11     | Noticed a deep elf pyromancer
 11888 | D:11     | Noticed a white ugly thing
 11890 | D:11     | Killed a deep elf pyromancer
 11891 | D:11     | Reached skill level 7 in Spellcasting
 11891 | D:11     | HP: 12/68 [white ugly thing (26)]
 11906 | D:10     | HP: 15/68 [Lodul/+0 dire flail (1)]
 11917 | D:10     | HP: 13/68 [Lodul/+0 dire flail (5)]
 11924 | D:10     | Slain by Lodul

Vanquished Creatures
  A boulder beetle (D:11)
  A two-headed ogre (D:11)
  The ghost of totrandom the Trooper, a novice MiFi of Cheibriados (D:8)
  Pikel (D:5)
  The ghost of Poopy the Summoner, a novice FeSu of Gozag (D:9)
  A deep elf pyromancer (D:11)
  Maggie (D:7)
  An efreet (D:11)
  Grinder (D:5)
  2 trolls (D:10)
  A shadow (D:9)
  19 yaks
  A wraith (D:10)
  2 wyverns
  2 steam dragons
  Eustachio (D:3)
  3 wargs (D:9)
  A water moccasin (D:7)
  4 orc warriors
  A black bear (D:6)
  2 ice beasts
  7 ogres
  4 centaurs
  4 kobold brigands
  2 bullfrogs
  2 scorpions (D:6)
  4 wights (D:5)
  4 killer bees (D:9)
  2 howler monkeys (D:7)
  2 electric eels (D:9)
  3 hounds
  6 orc priests
  4 gnoll boudas
  Ijyb (D:3)
  3 iguanas
  13 orc wizards
  4 adders
  18 gnolls
  4 ufetubi
  2 worms
  A dart slug (D:3)
  53 orcs
  6 endoplasms
  3 giant cockroaches
  7 goblins
  9 hobgoblins
  4 jackals (D:4)
  25 kobolds
  2 quokkas
  4 ball pythons
  6 bats
  4 frilled lizards
  10 rats
  A spectral hobgoblin (D:4)
272 creatures vanquished.

Table legend:
 A = Non-vault XP
 B = Vault XP
 C = Vault XP percentage of total XP
 D = Non-vault monster count
 E = Vault monster count
 F = Vault count percentage of total count
                 A         B        C        D         E       F
            +---------+---------+-------+---------+---------+-------
      Total |   10687 |    6611 |  38.2 |     218 |      54 |  19.9
            +---------+---------+-------+---------+---------+-------
        D:1 |      45 |       0 |   0.0 |      24 |       0 |   0.0
        D:2 |      30 |       0 |   0.0 |      15 |       0 |   0.0
        D:3 |     233 |     218 |  48.3 |      24 |       2 |   7.7
        D:4 |     294 |       3 |   1.0 |      26 |       2 |   7.1
        D:5 |     502 |     997 |  66.5 |      16 |       3 |  15.8
        D:6 |     615 |       0 |   0.0 |      19 |       0 |   0.0
        D:7 |     876 |     389 |  30.8 |      17 |       1 |   5.6
        D:8 |     951 |     776 |  44.9 |      14 |       1 |   6.7
        D:9 |    2992 |    1254 |  29.5 |      37 |      10 |  21.3
       D:10 |    3317 |    1226 |  27.0 |      25 |      32 |  56.1
       D:11 |     832 |    1748 |  67.8 |       1 |       3 |  75.0
            +---------+---------+-------+---------+---------+-------

Skill      XL: |  1  2  3  4  5  6  7  8  9 10 11 |
---------------+----------------------------------+-----
Short Blades   | 1 2 3 5 7 9 |  9.9
Stealth        | 3 4 5 6 7 |  7.9
Ice Magic      | 1 2 3 |  3.0
Hexes          | 4 5 6 7 8 10 11 | 11.2
Spellcasting   | 3 4 5 6 7 |  7.0
Dodging        | |  1.7

Action                     |  1- 3 |  4- 6 |  7- 9 | 10-12 || total
---------------------------+-------+-------+-------+-------++-------
  Melee: Dagger            |   165 |   189 |    25 |       ||   379
         Punch             |     1 |     4 |     2 |     6 ||    13
         Short sword       |       |       |   297 |   397 ||   694
   Cast: Ensorcelled Hiber |    18 |    43 |    74 |    79 ||   214
         Confusing Touch   |       |     4 |    16 |     6 ||    26
  Evoke: Wand              |       |     2 |       |       ||     2
    Use: Potion            |     4 |     2 |     1 |     2 ||     9
         Scroll            |     2 |     4 |     5 |     4 ||    15
   Stab: Invisible         |     3 |     1 |       |       ||     4
         Sleeping          |    14 |    24 |    46 |    44 ||   128
         Confused          |       |     2 |     9 |     6 ||    17
 Armour: Robe              |    86 |   167 |   215 |   192 ||   660
  Dodge: Dodged            |    99 |   143 |   202 |   185 ||   629
  Block: Other             |       |       |    21 |    51 ||    72

Illustrated notes

Table legend:
 A = Kills in this place as a percentage of kills in the entire game.
 B = Kills by you in this place as a percentage of kills by you in the entire game.
 C = Kills by friends in this place as a percentage of kills by friends in the entire game.
 D = Other kills in this place as a percentage of other kills in the entire game.
 E = Experience gained in this place as a percentage of experience gained in the entire game.
 F = Experience gained in this place divided by the number of levels of this place that you have seen.
                   A       B       C       D       E      F
               +-------+-------+-------+-------+-------+----------------------
         Total | 100.0 | 100.0 |   N/A |   N/A | 100.0 | 1441.5
       Dungeon | 100.0 | 100.0 |   N/A |   N/A | 100.0 | 1572.5
               +-------+-------+-------+-------+-------+----------------------

Table legend: (Time is in decaauts)
 A = Elapsed time spent in this place.
 B = Non-inter-level travel time spent in this place.
 C = Inter-level travel time spent in this place.
 D = Time resting spent in this place.
 E = Time spent auto-exploring this place.
 F = Levels seen in this place.
 G = Mean time per level.
                   A        B        C        D        E       F      G
               +--------+--------+--------+--------+--------+-----+--------+
         Total |  11650 |  11303 |    347 |   1673 |   7094 |  12 |  970.8 |
       Dungeon |  11649 |  11303 |    346 |   1673 |   7094 |  11 | 1059.0 |
        Temple |      1 |      0 |      1 |      0 |      0 |   1 |    1.0 |
               +--------+--------+--------+--------+--------+-----+--------+

Top non-repeatable levels by time:
     D:5: 1959 daAuts
     D:9: 1497 daAuts
     D:4: 1266 daAuts
     D:3: 1154 daAuts
     D:6: 1108 daAuts
     D:2: 1053 daAuts
    D:10: 1005 daAuts
     D:8: 850 daAuts
     D:7: 750 daAuts
     D:1: 617 daAuts
    D:11: 385 daAuts
  Temple: 1 daAuts
